 Dungeon Crawl Stone Soup version 0.20-a0-296-gf222164 (webtiles) character file.

450 Ijustatesigmund the Chopper (level 7, 0/61 HPs)
             Began as a Hill Orc Monk on Dec 14, 2016.
             Was a Follower of Beogh.
             Succumbed to a scorpion's poison
             ... on level 5 of the Dungeon.
             The game lasted 00:09:37 (4480 turns).

Ijustatesigmund the Chopper (Hill Orc Monk)         Turns: 4480, Time: 00:09:37

Health: 0/61       AC:  8    Str: 15    XL:     7   Next: 4%
Magic:  5/8        EV: 11    Int: 10    God:    Beogh [*.....]
Gold:   220        SH:  0    Dex: 14    Spells: 6/6 levels left

rFire  . . .     SeeInvis .     a - +1 hand axe
rCold  . . .     Gourm    .     e - +0 ring mail
rNeg   . . .     Faith    .     (no shield)
rPois  .         Spirit   .     (no helmet)
rElec  .         Reflect  .     (no cloak)
rCorr  .         Harm     .     i - +1 pair of gloves
MR     .....                    l - +0 pair of boots
Stlth  +.........               (no amulet)
                                (no ring)
                                (no ring)

@: lethally poisoned (0 -> -13)
A: no striking features
a: Renounce Religion


You were on level 5 of the Dungeon.
You worshipped Beogh.
Beogh was aware of your devotion.
You were hungry.

You visited 1 branch of the dungeon, and saw 5 of its levels.

You collected 220 gold pieces.

Inventory:

Hand Weapons
 a - a +1 hand axe (weapon)
Armour
 e - a +0 ring mail (worn)
 i - a +1 pair of gloves (worn)
 l - a +0 pair of boots (worn)
Jewellery
 g - an uncursed ring of fire
Wands
 s - a wand of iceblast (8/15)
Scrolls
 m - a scroll of enchant weapon
 r - a scroll of remove curse
Potions
 d - a potion of cancellation
 f - a potion of lignification
 j - 3 potions of mutation
 k - a potion of brilliance
Comestibles
 c - 3 bread rations
 p - 3 meat rations


   Skills:
 + Level 5.5 Fighting
 + Level 7.9 Axes
 + Level 2.3 Armour
 - Level 2.4 Dodging
 - Level 1.5 Stealth
 + Level 2.5 Invocations


You had 6 spell levels left.
You didn't know any spells.

Dungeon Overview and Level Annotations

Branches:
Dungeon (5/15)             Temple (0/1) D:5

Altars:
The Shining One

Annotations:
D:4 Ijustatesigmund's ghost, amateur HOMo


Message History

You hit the scorpion but do no damage. The scorpion stings you.
* * * LOW HITPOINT WARNING * * *
You are poisoned.
The scorpion poisons you!
You hit the scorpion.
The scorpion is lightly wounded.
You feel sick. The scorpion stings you.
* * * LOW HITPOINT WARNING * * *
You are more poisoned.
The scorpion poisons you!
You completely miss the scorpion.
The scorpion is lightly wounded.
* * * LOW HITPOINT WARNING * * *
You feel sick.
As you read the scroll labeled XUELYTOITA, it crumbles to dust.
It is a scroll of enchant armour.
Your +0 pair of gloves glows green for a moment.
* * * LOW HITPOINT WARNING * * *
You feel sick. The scorpion barely misses you.
You die...

##.# #.## #.# #######
##.# #.....## #.##
#......## ##.#
#.......# #..#
#.......###... #.##
###(...(s......
##.####.....@..).....
##................####
##...............###
.................###
######..........##
##......#.##
#....##### ##.### ##.


You could see a scorpion.

Vanquished Creatures
  A phantom (D:5)
  A centaur (D:5)
  A howler monkey (D:5)
  An orc wizard (D:3)
  A worker ant (D:5)
  7 adders
  2 shadow imps (D:5)
  An ooze (D:2)
  4 worms
  A dart slug (D:1)
  3 leopard geckos
  9 orcs
  3 giant cockroaches
  7 goblins
  12 hobgoblins
  3 jackals (D:2)
  4 quokkas
  2 ball pythons (D:2)
  10 bats
  3 frilled lizards
  6 kobolds
  9 rats
91 creatures vanquished.

Notes
Turn   | Place    | Note
-------+----------+-------------------------------------------
     0 | D:1      | Ijustatesigmund the Hill Orc Monk began the quest for the Orb.
     0 | D:1      | Reached XP level 1. HP: 19/19 MP: 1/1
    92 | D:1      | Reached XP level 2. HP: 21/26 MP: 2/2
   383 | D:1      | Reached skill level 5 in Axes
   562 | D:1      | Reached XP level 3. HP: 24/33 MP: 3/3
  1283 | D:2      | Found a glowing golden altar of the Shining One.
  1340 | D:2      | Reached XP level 4. HP: 29/40 MP: 4/4
  1459 | D:2      | Reached skill level 6 in Axes
  2292 | D:3      | Reached XP level 5. HP: 47/47 MP: 5/5
  2595 | D:3      | Reached skill level 7 in Axes
  3297 | D:4      | Became a worshipper of Beogh the Brigand
  3297 | D:4      | Reached * piety under Beogh
  3297 | D:4      | Reached ** piety under Beogh
  3428 | D:4      | Noticed Ijustatesigmund's ghost (amateur HOMo)
  3461 | D:5      | Entered Level 5 of the Dungeon
  3714 | D:5      | Found a staircase to the Ecumenical Temple.
  3802 | D:5      | Reached skill level 1 in Armour
  3832 | D:5      | HP: 2/47 [poisoned by a worker ant]
  3840 | D:5      | HP: 1/47 [poisoned by a worker ant]
  4152 | D:5      | Reached XP level 6. HP: 55/55 MP: 6/6
  4380 | D:5      | Noticed a phantom
  4426 | D:5      | Reached skill level 5 in Fighting
  4426 | D:5      | Reached skill level 1 in Invocations
  4435 | D:5      | Killed a phantom
  4465 | D:5      | Reached XP level 7. HP: 16/61 MP: 8/8
  4477 | D:5      | HP: 3/61 [scorpion (3)]
  4479 | D:5      | HP: 1/61 [poisoned by a scorpion]
  4480 | D:5      | Succumbed to a scorpion's poison

Vault maps used:
D:1:      matt_arrival_diagonals, minmay_misc_feat_more_columns,
          minmay_misc_feat_four_crosses
D:2:      lemuel_doored_altar, first_bread
D:4:      kennysheep_vampire_church
D:5:      basic_altar

Skill      XL: |  1  2  3  4  5  6 |
---------------+-------------------+-----
Axes           | 5 6 7 |  7.9
Fighting       | 4 5 |  5.5
Armour         | 1 2 |  2.3
Invocations    | 2 |  2.5
Dodging        | |  2.4
Stealth        | |  1.5

Action                   |  1- 3 |  4- 6 |  7- 9 || total
-------------------------+-------+-------+-------++-------
Melee: Hand axe          |   167 |   221 |     8 ||   396
Invok: Convert to Beogh  |       |     1 |       ||     1
       Smiting           |       |     1 |     1 ||     2
Evoke: Wand              |       |     1 |     1 ||     2
  Use: Scroll            |     3 |     9 |     1 ||    13
       Potion            |       |     4 |       ||     4
 Stab: Sleeping          |     1 |       |       ||     1
  Eat: Chunk             |     1 |     7 |       ||     8
       Pizza             |       |     1 |       ||     1
       Beef jerky        |       |     1 |       ||     1
Armor: Robe              |     4 |       |       ||     4
       Ring mail         |    49 |    61 |       ||   110
Dodge: Dodged            |   108 |   127 |     4 ||   239
